[ PARTIDA AOE2 · #472961098 ]
UnrankedWei vs Bengalis
[ ANÁLISIS DE REPETICIÓN · EXTRAÍDO DE LA PARTIDA GRABADA ]
Feudal
2:39
Castillos
4:08
Imperial
8:20
| APM promedio | 25.3 |
| APM pico | 46 |
| eAPM promedio | 21.9 |
| Aldeanos / militares | 7 / 1 |
Foco
⚔️ 40.4% · 🌾 59.6%
Unknown (1949) ×511 · Mangonel ×1
Feudal
1:43
Castillos
3:29
Imperial
6:23
| APM promedio | 53.2 |
| APM pico | 80 |
| eAPM promedio | 45.3 |
| Aldeanos / militares | 39 / 745 |
Foco
⚔️ 45.1% · 🌾 54.9%
Ratha (Ranged) ×669 · Scout Cavalry ×70 · Mangonel ×5 · Monk ×1
Feudal
3:31
Castillos
6:39
Imperial
10:13
| APM promedio | 31.6 |
| APM pico | 75 |
| eAPM promedio | 27.2 |
| Aldeanos / militares | 111 / 199 |
Foco
⚔️ 45.1% · 🌾 54.9%
Hand Cannoneer ×121 · Archer ×67 · Skirmisher ×11 · Trade Cart ×9
Feudal
2:03
Castillos
3:41
Imperial
9:16
| APM promedio | 12.6 |
| APM pico | 50 |
| eAPM promedio | 10.1 |
| Aldeanos / militares | 6 / 0 |
Foco
⚔️ 34.6% · 🌾 65.4%
Unknown (1959) ×13 · Trade Cart ×5 · Unknown (882) ×2
Feudal
1:25
Castillos
4:00
Imperial
11:12
| APM promedio | 26.5 |
| APM pico | 53 |
| eAPM promedio | 22.5 |
| Aldeanos / militares | 19 / 567 |
Foco
⚔️ 46.6% · 🌾 53.4%
Steppe Lancer ×558 · Iron Pagoda ×2 · Archer ×1 · Militia ×1 · Spearman ×1 · Skirmisher ×1
Feudal
2:37
Castillos
4:31
Imperial
8:45
| APM promedio | 22.2 |
| APM pico | 74 |
| eAPM promedio | 16.6 |
| Aldeanos / militares | 64 / 74 |
Foco
⚔️ 36.9% · 🌾 63.1%
Camel Scout ×74
Feudal
2:36
Castillos
4:04
Imperial
7:10
| APM promedio | 41.8 |
| APM pico | 88 |
| eAPM promedio | 33.9 |
| Aldeanos / militares | 43 / 1030 |
Foco
⚔️ 61.0% · 🌾 39.0%
Scout Cavalry ×1029 · Mangonel ×1
Feudal
3:00
Castillos
6:33
Imperial
15:39
| APM promedio | 33.8 |
| APM pico | 81 |
| eAPM promedio | 32.3 |
| Aldeanos / militares | 193 / 154 |
Foco
⚔️ 35.1% · 🌾 64.9%
Skirmisher ×61 · Trade Cart ×54 · Battering Ram ×50 · Knight ×43
Mapa de la partida
Recursos iniciales + cada clic de construcción. Líneas = muros · curvas = relieve. ◆ oro · ⬟ piedra · ● bayas · ✦ reliquia · ◌ hueco del cierre
Inputs por minuto
— 水藍武神 - - ^gOsO^
Build order — 水藍武神
Primeras 150 de 226 acciones detectadas
| 0:00 | Crear | Villager (Male) |
| 0:01 | Crear | Villager (Male) |
| 0:01 | Crear | Villager (Male) |
| 0:02 | Crear | Villager (Male) |
| 0:02 | Crear | Villager (Male) |
| 0:15 | Construir | Lumber Camp |
| 0:45 | Construir | Mill |
| 1:46 | Investigar | Feudal Age |
| 2:01 | Construir | Mining Camp |
| 2:12 | Crear | Villager (Male) |
| 2:13 | Crear | Villager (Male) |
| 2:39 | Edad | Edad Feudal |
| 2:44 | Construir | Blacksmith |
| 2:45 | Construir | Market |
| 3:04 | Investigar | Castle Age |
| 3:11 | Construir | Mining Camp |
| 3:21 | Investigar | Double-Bit Axe |
| 3:22 | Investigar | Tech 1687 |
| 3:22 | Investigar | Tech 1688 |
| 3:24 | Investigar | Gold Mining |
| 3:39 | Investigar | Tech 1653 |
| 3:50 | Investigar | Tech 1625 |
| 4:05 | Investigar | Forging |
| 4:05 | Investigar | Scale Barding Armor |
| 4:05 | Investigar | Tech 1661 |
| 4:06 | Investigar | Tech 1871 |
| 4:06 | Investigar | Tech 1662 |
| 4:06 | Investigar | Tech 1872 |
| 4:08 | Edad | Edad de los Castillos |
| 4:11 | Investigar | Wheelbarrow |
| 4:22 | Construir | Town Center |
| 4:35 | Investigar | Bow Saw |
| 4:36 | Investigar | Gold Shaft Mining |
| 4:37 | Investigar | Stone Mining |
| 4:41 | Investigar | Stone Mining |
| 4:58 | Investigar | Hand Cart |
| 5:01 | Investigar | Loom |
| 5:01 | Investigar | Tech 1628 |
| 5:02 | Investigar | Tech 1629 |
| 5:11 | Investigar | Caravan |
| 5:12 | Investigar | Tech 1642 |
| 5:12 | Investigar | Tech 1643 |
| 5:21 | Construir | Town Center |
| 5:26 | Investigar | Tech 1654 |
| 5:26 | Investigar | Stone Shaft Mining |
| 5:26 | Investigar | Tech 1677 |
| 5:26 | Investigar | Tech 1723 |
| 5:27 | Investigar | Tech 1724 |
| 5:43 | Construir | Castle |
| 5:47 | Construir | Mining Camp |
| 5:52 | Construir | Mining Camp |
| 6:41 | Investigar | Tech 1699 |
| 6:42 | Investigar | Tech 1700 |
| 6:42 | Investigar | Tech 1715 |
| 6:52 | Investigar | Tech 1715 |
| 7:04 | Investigar | Imperial Age |
| 7:11 | Construir | Castle |
| 7:14 | Investigar | Tech 1061 |
| 7:15 | Investigar | Tech 1891 |
| 7:16 | Investigar | Tech 1892 |
| 7:17 | Crear | Unit 1949 ×5 |
| 7:18 | Crear | Unit 1949 ×5 |
| 7:18 | Crear | Unit 1949 ×2 |
| 7:27 | Construir | House |
| 7:27 | Construir | House |
| 7:28 | Construir | House |
| 7:29 | Construir | House |
| 7:32 | Investigar | Tech 1716 |
| 7:41 | Investigar | Tech 1691 |
| 7:41 | Investigar | Tech 1692 |
| 7:57 | Construir | Barracks |
| 7:59 | Construir | Siege Workshop |
| 8:06 | Investigar | Tech 1678 |
| 8:17 | Construir | Castle |
| 8:20 | Edad | Edad Imperial |
| 8:20 | Crear | Unit 1949 ×5 |
| 8:20 | Crear | Unit 1949 ×5 |
| 8:21 | Crear | Unit 1949 |
| 8:21 | Crear | Unit 1949 |
| 8:21 | Crear | Unit 1949 |
| 8:35 | Construir | Castle |
| 8:48 | Investigar | Conscription |
| 8:51 | Investigar | Tech 1733 |
| 8:51 | Investigar | Tech 1734 |
| 9:08 | Investigar | Tech 1036 |
| 9:11 | Crear | Unit 1949 ×5 |
| 9:11 | Crear | Unit 1949 ×4 |
| 9:11 | Crear | Unit 1949 ×4 |
| 9:12 | Crear | Unit 1949 |
| 9:27 | Investigar | Iron Casting |
| 9:27 | Investigar | Chain Barding Armor |
| 9:39 | Construir | Lumber Camp |
| 9:50 | Construir | Castle |
| 9:50 | Construir | Castle |
| 9:51 | Construir | Castle |
| 10:05 | Investigar | Blast Furnace |
| 10:05 | Investigar | Tech 1673 |
| 10:08 | Crear | Unit 1949 ×5 |
| 10:08 | Crear | Unit 1949 ×5 |
| 10:08 | Crear | Unit 1949 ×5 |
| 10:09 | Crear | Unit 1949 ×5 |
| 10:09 | Crear | Unit 1949 ×5 |
| 10:33 | Investigar | Tech 1062 |
| 10:34 | Investigar | Tech 1893 |
| 10:35 | Investigar | Tech 1894 |
| 10:35 | Investigar | Tech 1894 |
| 11:06 | Crear | Unit 1949 ×5 |
| 11:06 | Crear | Unit 1949 ×5 |
| 11:06 | Crear | Unit 1949 ×5 |
| 11:07 | Crear | Unit 1949 ×5 |
| 11:07 | Crear | Unit 1949 ×5 |
| 11:07 | Crear | Unit 1949 ×5 |
| 11:07 | Crear | Unit 1949 ×5 |
| 11:08 | Crear | Unit 1949 ×5 |
| 11:08 | Crear | Unit 1949 ×4 |
| 11:09 | Crear | Unit 1949 |
| 11:35 | Crear | Unit 1949 ×5 |
| 11:36 | Crear | Unit 1949 ×5 |
| 11:36 | Crear | Unit 1949 ×5 |
| 11:36 | Crear | Unit 1949 ×5 |
| 11:36 | Crear | Unit 1949 ×5 |
| 11:37 | Crear | Unit 1949 ×5 |
| 11:37 | Crear | Unit 1949 ×5 |
| 11:37 | Crear | Unit 1949 ×5 |
| 11:42 | Crear | Unit 1949 ×5 |
| 11:42 | Crear | Unit 1949 |
| 11:43 | Crear | Unit 1949 |
| 11:43 | Crear | Unit 1949 |
| 11:48 | Construir | House |
| 11:49 | Construir | House |
| 11:50 | Construir | House |
| 11:50 | Construir | House |
| 12:00 | Construir | Castle |
| 12:02 | Construir | Castle |
| 12:05 | Crear | Unit 1949 ×5 |
| 12:06 | Crear | Unit 1949 ×2 |
| 12:06 | Crear | Unit 1949 ×2 |
| 12:28 | Crear | Unit 1949 ×5 |
| 12:28 | Crear | Unit 1949 ×3 |
| 12:28 | Crear | Unit 1949 ×3 |
| 12:28 | Crear | Unit 1949 |
| 13:01 | Construir | Castle |
| 13:08 | Construir | Stable |
| 13:12 | Crear | Unit 1949 ×5 |
| 13:12 | Crear | Unit 1949 ×5 |
| 13:12 | Crear | Unit 1949 ×5 |
| 13:13 | Crear | Unit 1949 ×5 |
| 13:13 | Crear | Unit 1949 ×5 |
| 13:13 | Crear | Unit 1949 ×5 |
| 13:13 | Crear | Unit 1949 ×5 |
Build order — ^gOsO^
Primeras 150 de 500 acciones detectadas
| 0:02 | Crear | Villager (Male) |
| 0:02 | Crear | Villager (Male) |
| 0:02 | Crear | Villager (Male) |
| 0:05 | Construir | Mill |
| 0:17 | Construir | Farm |
| 0:20 | Construir | Farm |
| 0:24 | Construir | Lumber Camp |
| 0:45 | Investigar | Feudal Age |
| 1:41 | Construir | Farm |
| 1:43 | Edad | Edad Feudal |
| 1:55 | Construir | Market |
| 1:59 | Investigar | Double-Bit Axe |
| 2:00 | Investigar | Tech 1687 |
| 2:00 | Investigar | Tech 1687 |
| 2:10 | Construir | Blacksmith |
| 2:12 | Investigar | Tech 1625 |
| 2:12 | Investigar | Tech 1625 |
| 2:13 | Investigar | Tech 1624 |
| 2:13 | Investigar | Tech 1624 |
| 2:13 | Investigar | Horse Collar |
| 2:13 | Investigar | Horse Collar |
| 2:14 | Investigar | Horse Collar |
| 2:26 | Investigar | Castle Age |
| 2:26 | Investigar | Castle Age |
| 2:30 | Investigar | Scale Barding Armor |
| 2:30 | Investigar | Scale Barding Armor |
| 2:30 | Investigar | Tech 1871 |
| 2:32 | Construir | Farm |
| 2:34 | Investigar | Tech 1688 |
| 2:35 | Investigar | Tech 1688 |
| 2:45 | Investigar | Tech 1872 |
| 2:45 | Investigar | Tech 1872 |
| 2:47 | Investigar | Forging |
| 2:47 | Investigar | Forging |
| 2:48 | Investigar | Tech 1661 |
| 2:48 | Investigar | Tech 1661 |
| 2:51 | Construir | Barracks |
| 3:01 | Construir | Mill |
| 3:05 | Construir | Farm |
| 3:20 | Construir | Stable |
| 3:23 | Investigar | Loom |
| 3:24 | Investigar | Loom |
| 3:29 | Edad | Edad de los Castillos |
| 3:35 | Construir | Town Center |
| 3:40 | Investigar | Bow Saw |
| 3:41 | Investigar | Bow Saw |
| 3:43 | Construir | Town Center |
| 3:54 | Construir | Monastery |
| 3:55 | Investigar | Tech 1691 |
| 3:56 | Investigar | Tech 1691 |
| 3:57 | Investigar | Tech 1623 |
| 3:57 | Investigar | Tech 1623 |
| 3:57 | Investigar | Tech 1623 |
| 3:58 | Investigar | Tech 1622 |
| 3:58 | Investigar | Tech 1622 |
| 3:58 | Investigar | Tech 1622 |
| 3:59 | Investigar | Heavy Plow |
| 3:59 | Investigar | Heavy Plow |
| 3:59 | Investigar | Heavy Plow |
| 4:08 | Construir | Farm |
| 4:13 | Construir | Siege Workshop |
| 4:14 | Construir | Siege Workshop |
| 4:15 | Investigar | Husbandry |
| 4:16 | Investigar | Husbandry |
| 4:16 | Investigar | Husbandry |
| 4:16 | Investigar | Tech 1634 |
| 4:16 | Investigar | Tech 1634 |
| 4:17 | Investigar | Tech 1634 |
| 4:17 | Investigar | Tech 1635 |
| 4:17 | Investigar | Tech 1635 |
| 4:18 | Investigar | Bloodlines |
| 4:18 | Investigar | Bloodlines |
| 4:25 | Crear | Monk |
| 4:27 | Crear | Villager (Male) |
| 4:27 | Crear | Villager (Male) |
| 4:31 | Construir | Mining Camp |
| 4:34 | Construir | Town Center |
| 4:37 | Investigar | Tech 1692 |
| 4:38 | Investigar | Tech 1692 |
| 4:56 | Investigar | Chain Barding Armor |
| 4:56 | Investigar | Iron Casting |
| 4:57 | Investigar | Chain Barding Armor |
| 5:07 | Investigar | Imperial Age |
| 5:08 | Investigar | Imperial Age |
| 5:22 | Construir | Castle |
| 5:30 | Construir | University |
| 5:34 | Construir | Town Center |
| 5:36 | Crear | Villager (Male) |
| 5:36 | Crear | Villager (Male) |
| 5:36 | Crear | Villager (Male) |
| 5:37 | Investigar | Stone Mining |
| 5:37 | Investigar | Stone Mining |
| 5:38 | Investigar | Stone Mining |
| 5:41 | Construir | Town Center |
| 5:48 | Construir | Mining Camp |
| 5:49 | Investigar | Tech 1723 |
| 5:50 | Investigar | Tech 1723 |
| 5:50 | Investigar | Tech 1724 |
| 5:51 | Investigar | Tech 1724 |
| 5:51 | Investigar | Tech 1727 |
| 5:51 | Investigar | Tech 1727 |
| 5:53 | Investigar | Tech 1673 |
| 5:53 | Investigar | Tech 1673 |
| 5:53 | Investigar | Tech 1674 |
| 5:53 | Investigar | Tech 1674 |
| 5:56 | Crear | Villager (Male) |
| 5:57 | Crear | Villager (Male) |
| 5:57 | Crear | Villager (Male) |
| 6:04 | Investigar | Ballistics |
| 6:04 | Investigar | Tech 1651 |
| 6:05 | Investigar | Tech 1651 |
| 6:14 | Construir | Archery Range |
| 6:19 | Crear | Mangonel |
| 6:19 | Crear | Mangonel |
| 6:20 | Crear | Mangonel |
| 6:23 | Edad | Edad Imperial |
| 6:25 | Investigar | Onager (upgrade) |
| 6:28 | Crear | Mangonel |
| 6:29 | Crear | Mangonel |
| 6:31 | Investigar | Tech 1749 |
| 6:31 | Investigar | Tech 1749 |
| 6:31 | Investigar | Tech 1749 |
| 6:31 | Investigar | Tech 1750 |
| 6:32 | Investigar | Tech 1750 |
| 6:35 | Investigar | Conscription |
| 6:36 | Investigar | Conscription |
| 6:36 | Investigar | Conscription |
| 6:36 | Investigar | Tech 1733 |
| 6:36 | Investigar | Tech 1733 |
| 6:37 | Investigar | Tech 1734 |
| 6:37 | Investigar | Tech 1734 |
| 6:41 | Construir | Lumber Camp |
| 6:45 | Investigar | Tech 1751 |
| 6:45 | Investigar | Tech 1751 |
| 6:45 | Investigar | Tech 1751 |
| 6:46 | Investigar | Tech 1752 |
| 6:46 | Investigar | Tech 1752 |
| 6:46 | Investigar | Tech 1752 |
| 6:54 | Crear | Villager (Male) |
| 6:55 | Crear | Villager (Male) |
| 6:55 | Crear | Villager (Male) |
| 6:55 | Crear | Villager (Male) |
| 6:57 | Investigar | Wheelbarrow |
| 6:57 | Investigar | Wheelbarrow |
| 6:57 | Investigar | Tech 1699 |
| 7:01 | Construir | Town Center |
| 7:12 | Investigar | Guilds |
| 7:12 | Investigar | Guilds |
| 7:14 | Investigar | Mahayana |
| 7:17 | Investigar | Paiks |
Build order — KISMAT
Primeras 150 de 407 acciones detectadas
| 0:02 | Crear | Villager (Male) |
| 0:02 | Crear | Villager (Male) |
| 0:03 | Crear | Villager (Male) |
| 0:05 | Construir | House |
| 0:12 | Construir | House |
| 0:30 | Crear | Villager (Male) |
| 0:31 | Crear | Villager (Male) |
| 0:38 | Crear | Villager (Male) |
| 0:38 | Crear | Villager (Male) |
| 0:38 | Crear | Villager (Male) |
| 0:39 | Crear | Villager (Male) |
| 0:39 | Crear | Villager (Male) |
| 0:39 | Crear | Villager (Male) |
| 1:37 | Construir | Lumber Camp |
| 2:04 | Crear | Villager (Male) |
| 2:12 | Construir | Mill |
| 2:24 | Crear | Villager (Male) |
| 2:38 | Investigar | Feudal Age |
| 2:49 | Crear | Villager (Male) |
| 2:49 | Crear | Villager (Male) |
| 2:49 | Crear | Villager (Male) |
| 3:22 | Crear | Villager (Male) |
| 3:22 | Crear | Villager (Male) |
| 3:31 | Edad | Edad Feudal |
| 3:40 | Construir | Blacksmith |
| 3:52 | Construir | Barracks |
| 3:59 | Construir | Mining Camp |
| 4:21 | Crear | Villager (Male) |
| 4:31 | Crear | Villager (Male) |
| 4:49 | Construir | Market |
| 5:19 | Construir | Archery Range |
| 5:24 | Investigar | Castle Age |
| 5:28 | Investigar | Castle Age |
| 5:38 | Construir | Lumber Camp |
| 5:56 | Investigar | Double-Bit Axe |
| 5:56 | Investigar | Tech 1687 |
| 5:57 | Investigar | Tech 1687 |
| 6:00 | Crear | Villager (Male) |
| 6:01 | Crear | Villager (Male) |
| 6:01 | Crear | Villager (Male) |
| 6:17 | Investigar | Tech 1688 |
| 6:18 | Investigar | Tech 1688 |
| 6:21 | Investigar | Tech 1625 |
| 6:21 | Investigar | Tech 1625 |
| 6:22 | Investigar | Tech 1624 |
| 6:23 | Investigar | Tech 1624 |
| 6:35 | Construir | Lumber Camp |
| 6:39 | Edad | Edad de los Castillos |
| 6:42 | Crear | Villager (Male) |
| 6:42 | Crear | Villager (Male) |
| 7:01 | Construir | Town Center |
| 7:06 | Investigar | Bow Saw |
| 7:06 | Investigar | Bow Saw |
| 7:06 | Investigar | Tech 1691 |
| 7:06 | Investigar | Tech 1691 |
| 7:07 | Investigar | Tech 1692 |
| 7:34 | Construir | Town Center |
| 7:49 | Investigar | Horse Collar |
| 7:49 | Investigar | Horse Collar |
| 8:05 | Construir | Town Center |
| 8:09 | Crear | Villager (Male) |
| 8:09 | Crear | Villager (Male) |
| 8:09 | Crear | Villager (Male) |
| 8:10 | Crear | Villager (Male) |
| 8:11 | Crear | Villager (Male) |
| 8:18 | Crear | Villager (Male) |
| 8:18 | Crear | Villager (Male) |
| 8:22 | Crear | Villager (Male) |
| 8:22 | Crear | Villager (Male) |
| 8:23 | Crear | Villager (Male) |
| 8:23 | Crear | Villager (Male) |
| 8:31 | Crear | Villager (Male) |
| 8:31 | Crear | Villager (Male) |
| 8:31 | Crear | Villager (Male) |
| 8:32 | Crear | Villager (Male) |
| 8:32 | Crear | Villager (Male) |
| 8:33 | Crear | Villager (Male) |
| 8:33 | Crear | Villager (Male) |
| 8:36 | Construir | University |
| 8:40 | Construir | Monastery |
| 8:52 | Crear | Villager (Male) |
| 8:57 | Investigar | Imperial Age |
| 9:13 | Investigar | Crossbowman (upgrade) |
| 9:14 | Investigar | Thumb Ring |
| 9:15 | Investigar | Tech 1753 |
| 9:15 | Investigar | Tech 1754 |
| 9:17 | Construir | Archery Range |
| 9:18 | Construir | Archery Range |
| 9:19 | Construir | Archery Range |
| 9:25 | Crear | Archer |
| 9:25 | Crear | Archer |
| 9:26 | Crear | Archer |
| 9:27 | Investigar | Fletching |
| 9:27 | Investigar | Fletching |
| 9:27 | Investigar | Tech 1681 |
| 9:27 | Investigar | Bodkin Arrow |
| 9:28 | Investigar | Tech 1682 |
| 9:28 | Investigar | Tech 1682 |
| 9:28 | Investigar | Tech 1683 |
| 9:29 | Investigar | Tech 1683 |
| 9:29 | Investigar | Tech 1684 |
| 9:30 | Investigar | Padded Archer Armor |
| 9:35 | Construir | Town Center |
| 9:37 | Crear | Villager (Male) |
| 9:37 | Crear | Villager (Male) |
| 9:38 | Crear | Villager (Male) |
| 9:38 | Crear | Villager (Male) |
| 9:39 | Crear | Villager (Male) |
| 9:46 | Construir | Lumber Camp |
| 9:57 | Crear | Archer |
| 9:57 | Crear | Archer |
| 9:58 | Crear | Archer |
| 9:58 | Crear | Archer |
| 9:58 | Crear | Archer |
| 9:58 | Crear | Archer |
| 10:04 | Crear | Archer |
| 10:04 | Crear | Archer |
| 10:04 | Crear | Archer |
| 10:05 | Crear | Archer |
| 10:06 | Investigar | Tech 1695 |
| 10:06 | Investigar | Tech 1695 |
| 10:06 | Investigar | Tech 1696 |
| 10:06 | Investigar | Tech 1696 |
| 10:13 | Edad | Edad Imperial |
| 10:18 | Construir | Mining Camp |
| 10:23 | Construir | Archery Range |
| 10:24 | Construir | Archery Range |
| 10:28 | Investigar | Arbalester (upgrade) |
| 10:29 | Investigar | Arbalester (upgrade) |
| 10:30 | Crear | Archer |
| 10:30 | Crear | Archer |
| 10:30 | Crear | Archer |
| 10:30 | Crear | Archer |
| 10:47 | Crear | Villager (Male) |
| 10:47 | Crear | Villager (Male) |
| 10:47 | Crear | Villager (Male) |
| 10:55 | Construir | Lumber Camp |
| 11:00 | Construir | Archery Range |
| 11:08 | Crear | Archer |
| 11:08 | Crear | Archer |
| 11:08 | Crear | Archer |
| 11:09 | Crear | Archer |
| 11:09 | Crear | Archer |
| 11:09 | Crear | Archer |
| 11:10 | Crear | Archer |
| 11:10 | Crear | Archer |
| 11:10 | Crear | Archer |
| 11:10 | Crear | Archer |
| 11:14 | Crear | Villager (Male) |
| 11:14 | Crear | Villager (Male) |
Build order — elturritomilei
119 acciones detectadas en el replay
| 0:15 | Construir | Lumber Camp |
| 0:22 | Crear | Villager (Male) |
| 0:22 | Crear | Villager (Male) |
| 0:37 | Construir | Mill |
| 1:09 | Investigar | Feudal Age |
| 1:19 | Crear | Villager (Male) |
| 1:19 | Crear | Villager (Male) |
| 2:03 | Edad | Edad Feudal |
| 2:07 | Construir | Blacksmith |
| 2:10 | Construir | Market |
| 2:37 | Investigar | Castle Age |
| 2:48 | Investigar | Double-Bit Axe |
| 3:07 | Investigar | Tech 1625 |
| 3:12 | Investigar | Wheelbarrow |
| 3:25 | Investigar | Tech 1624 |
| 3:41 | Edad | Edad de los Castillos |
| 4:09 | Construir | Mining Camp |
| 4:16 | Construir | University |
| 4:19 | Construir | Monastery |
| 4:25 | Investigar | Loom |
| 4:31 | Investigar | Bow Saw |
| 4:35 | Investigar | Horse Collar |
| 4:42 | Crear | Villager (Male) |
| 4:42 | Crear | Villager (Male) |
| 4:56 | Investigar | Gold Mining |
| 4:56 | Investigar | Stone Mining |
| 5:12 | Construir | House |
| 5:13 | Construir | House |
| 5:15 | Construir | House |
| 5:21 | Investigar | Gold Shaft Mining |
| 5:22 | Investigar | Tech 1723 |
| 5:30 | Construir | Mining Camp |
| 5:38 | Construir | Mining Camp |
| 5:47 | Construir | Mining Camp |
| 5:53 | Investigar | Hand Cart |
| 5:55 | Investigar | Tech 1699 |
| 6:04 | Construir | Mining Camp |
| 6:12 | Investigar | Imperial Age |
| 6:17 | Investigar | Tech 1700 |
| 6:25 | Crear | Trade Cart |
| 6:25 | Crear | Trade Cart |
| 6:41 | Construir | Market |
| 6:43 | Construir | Market |
| 6:45 | Construir | Market |
| 7:12 | Construir | University |
| 7:14 | Construir | University |
| 7:41 | Construir | Market |
| 7:43 | Construir | Market |
| 7:51 | Crear | Trade Cart |
| 7:52 | Crear | Trade Cart |
| 7:52 | Crear | Trade Cart |
| 8:00 | Investigar | Imperial Age |
| 8:01 | Investigar | Tech 1715 |
| 8:05 | Investigar | Masonry |
| 8:06 | Investigar | Murder Holes |
| 8:10 | Investigar | Tech 1653 |
| 8:11 | Investigar | Tech 1724 |
| 8:11 | Investigar | Tech 1654 |
| 8:12 | Investigar | Tech 1727 |
| 8:31 | Investigar | Caravan |
| 8:32 | Investigar | Tech 1642 |
| 8:37 | Investigar | Tech 1628 |
| 8:38 | Investigar | Tech 1628 |
| 8:38 | Investigar | Tech 1716 |
| 9:16 | Edad | Edad Imperial |
| 9:27 | Construir | Barracks |
| 9:33 | Construir | Town Center |
| 9:38 | Construir | Town Center |
| 9:51 | Crear | Unit 882 |
| 9:51 | Crear | Unit 882 |
| 9:56 | Construir | Stable |
| 9:57 | Construir | Stable |
| 10:10 | Construir | Archery Range |
| 10:11 | Construir | Archery Range |
| 10:18 | Construir | Castle |
| 10:19 | Construir | Castle |
| 10:37 | Investigar | Crossbowman (upgrade) |
| 10:37 | Investigar | Crossbowman (upgrade) |
| 10:44 | Investigar | Architecture |
| 10:44 | Investigar | Architecture |
| 10:45 | Investigar | Architecture |
| 10:45 | Investigar | Tech 1646 |
| 10:47 | Construir | University |
| 10:49 | Construir | University |
| 10:53 | Construir | Castle |
| 10:54 | Construir | Castle |
| 11:20 | Investigar | Conscription |
| 11:20 | Investigar | Conscription |
| 11:21 | Investigar | Conscription |
| 11:21 | Investigar | Tech 1733 |
| 11:21 | Investigar | Tech 1733 |
| 11:31 | Investigar | Tech 1734 |
| 11:31 | Investigar | Tech 1734 |
| 11:31 | Investigar | Tech 1734 |
| 11:34 | Investigar | Tech 1647 |
| 11:34 | Investigar | Tech 1647 |
| 11:34 | Investigar | Tech 1647 |
| 11:35 | Investigar | Tech 1648 |
| 11:37 | Investigar | Tech 1677 |
| 11:38 | Investigar | Tech 1677 |
| 11:39 | Crear | Unit 1959 |
| 11:39 | Crear | Unit 1959 |
| 11:40 | Crear | Unit 1959 |
| 11:40 | Crear | Unit 1959 |
| 11:40 | Crear | Unit 1959 |
| 11:40 | Crear | Unit 1959 |
| 11:40 | Crear | Unit 1959 |
| 11:41 | Crear | Unit 1959 |
| 11:41 | Crear | Unit 1959 |
| 11:41 | Crear | Unit 1959 |
| 11:41 | Crear | Unit 1959 |
| 11:42 | Crear | Unit 1959 |
| 11:42 | Crear | Unit 1959 |
| 11:52 | Investigar | Tech 1629 |
| 11:52 | Investigar | Tech 1629 |
| 11:53 | Investigar | Tech 1629 |
| 12:27 | Investigar | Town Watch |
| 12:27 | Investigar | Town Watch |
| 12:27 | Investigar | Town Watch |
Build order — diego_402
Primeras 150 de 302 acciones detectadas
| 0:10 | Construir | Lumber Camp |
| 0:16 | Construir | Mill |
| 0:33 | Investigar | Feudal Age |
| 0:34 | Investigar | Feudal Age |
| 1:25 | Edad | Edad Feudal |
| 1:32 | Investigar | Loom |
| 1:38 | Crear | Villager (Male) |
| 1:39 | Crear | Villager (Male) |
| 1:39 | Crear | Villager (Male) |
| 1:39 | Crear | Villager (Male) |
| 1:39 | Crear | Villager (Male) |
| 2:15 | Construir | Market |
| 2:22 | Construir | Blacksmith |
| 2:54 | Investigar | Castle Age |
| 3:41 | Construir | Lumber Camp |
| 3:43 | Construir | Lumber Camp |
| 4:00 | Edad | Edad de los Castillos |
| 4:05 | Investigar | Tech 1628 |
| 4:14 | Construir | Town Center |
| 4:36 | Crear | Villager (Male) |
| 4:36 | Crear | Villager (Male) |
| 4:36 | Crear | Villager (Male) |
| 4:39 | Construir | Town Center |
| 5:31 | Investigar | Wheelbarrow |
| 5:49 | Construir | Town Center |
| 5:56 | Crear | Villager (Male) |
| 5:56 | Crear | Villager (Male) |
| 5:56 | Crear | Villager (Male) |
| 5:57 | Crear | Villager (Male) |
| 5:57 | Crear | Villager (Male) |
| 5:57 | Crear | Villager (Male) |
| 5:57 | Crear | Villager (Male) |
| 5:58 | Crear | Villager (Male) |
| 5:58 | Crear | Villager (Male) |
| 5:58 | Crear | Villager (Male) |
| 5:58 | Crear | Villager (Male) |
| 6:21 | Investigar | Tech 1625 |
| 6:24 | Investigar | Tech 1624 |
| 6:26 | Investigar | Horse Collar |
| 6:27 | Investigar | Tech 1623 |
| 6:29 | Investigar | Tech 1622 |
| 6:30 | Investigar | Heavy Plow |
| 6:47 | Construir | Lumber Camp |
| 6:52 | Construir | Lumber Camp |
| 6:57 | Construir | Mining Camp |
| 7:01 | Construir | Lumber Camp |
| 7:15 | Construir | Farm |
| 7:16 | Construir | Farm |
| 7:16 | Construir | Farm |
| 7:16 | Construir | Farm |
| 7:16 | Construir | Farm |
| 7:17 | Construir | Farm |
| 7:17 | Construir | Farm |
| 7:17 | Construir | Farm |
| 7:34 | Construir | Mining Camp |
| 7:49 | Construir | Barracks |
| 7:50 | Construir | Barracks |
| 7:51 | Construir | Barracks |
| 8:03 | Construir | Siege Workshop |
| 8:13 | Construir | Archery Range |
| 8:17 | Construir | Stable |
| 8:32 | Construir | Monastery |
| 8:35 | Construir | University |
| 9:00 | Crear | Steppe Lancer |
| 9:01 | Crear | Scout Cavalry |
| 9:04 | Crear | Unit 1911 |
| 9:05 | Crear | Cavalry Archer |
| 9:05 | Crear | Skirmisher |
| 9:06 | Crear | Archer |
| 9:10 | Crear | Fire Lancer |
| 9:10 | Crear | Spearman |
| 9:11 | Crear | Militia |
| 9:16 | Construir | Barracks |
| 9:17 | Construir | Barracks |
| 9:20 | Construir | Stable |
| 9:20 | Construir | Stable |
| 9:21 | Construir | Stable |
| 9:56 | Investigar | Tech 1629 |
| 9:56 | Investigar | Imperial Age |
| 10:03 | Investigar | Hand Cart |
| 10:03 | Investigar | Town Watch |
| 10:31 | Construir | Castle |
| 10:37 | Construir | Farm |
| 10:37 | Construir | Farm |
| 10:37 | Construir | Farm |
| 10:37 | Construir | Farm |
| 10:38 | Construir | Farm |
| 10:38 | Construir | Farm |
| 10:38 | Construir | Farm |
| 10:39 | Construir | Farm |
| 10:39 | Construir | Farm |
| 11:12 | Construir | Stable |
| 11:12 | Construir | Stable |
| 11:12 | Construir | Stable |
| 11:12 | Edad | Edad Imperial |
| 11:13 | Construir | Stable |
| 11:13 | Construir | Stable |
| 11:17 | Investigar | Elite Steppe Lancer (upgrade) |
| 11:18 | Investigar | Husbandry |
| 11:19 | Investigar | Bloodlines |
| 11:20 | Investigar | Scale Barding Armor |
| 11:21 | Investigar | Forging |
| 11:27 | Investigar | Tech 1743 |
| 11:32 | Investigar | Tech 1699 |
| 11:50 | Crear | Steppe Lancer ×5 |
| 11:50 | Crear | Steppe Lancer ×5 |
| 11:50 | Crear | Steppe Lancer ×5 |
| 11:50 | Crear | Steppe Lancer ×5 |
| 11:51 | Crear | Steppe Lancer ×5 |
| 11:51 | Crear | Steppe Lancer ×5 |
| 11:51 | Crear | Steppe Lancer ×5 |
| 11:51 | Crear | Steppe Lancer ×5 |
| 11:52 | Crear | Steppe Lancer ×5 |
| 11:53 | Crear | Steppe Lancer ×5 |
| 11:53 | Crear | Steppe Lancer ×5 |
| 11:53 | Crear | Steppe Lancer ×5 |
| 11:53 | Crear | Steppe Lancer ×5 |
| 11:54 | Crear | Steppe Lancer ×5 |
| 11:54 | Crear | Steppe Lancer ×5 |
| 11:54 | Crear | Steppe Lancer ×5 |
| 11:54 | Crear | Steppe Lancer ×5 |
| 11:55 | Crear | Steppe Lancer ×5 |
| 11:55 | Crear | Steppe Lancer ×5 |
| 11:55 | Crear | Steppe Lancer ×5 |
| 11:55 | Crear | Steppe Lancer ×5 |
| 11:56 | Crear | Steppe Lancer ×5 |
| 11:56 | Crear | Steppe Lancer ×5 |
| 11:56 | Crear | Steppe Lancer ×5 |
| 11:57 | Crear | Steppe Lancer ×5 |
| 11:57 | Crear | Steppe Lancer ×4 |
| 11:57 | Crear | Steppe Lancer ×4 |
| 12:03 | Construir | House |
| 12:03 | Construir | House |
| 12:03 | Construir | House |
| 12:03 | Construir | House |
| 12:04 | Construir | House |
| 12:04 | Construir | House |
| 12:04 | Construir | House |
| 12:04 | Construir | House |
| 12:05 | Construir | House |
| 12:05 | Construir | House |
| 12:38 | Construir | Mining Camp |
| 12:42 | Construir | Mining Camp |
| 12:48 | Construir | Mill |
| 12:49 | Construir | Farm |
| 12:49 | Construir | Farm |
| 12:49 | Construir | Farm |
| 12:50 | Construir | Farm |
| 12:50 | Construir | Farm |
| 12:50 | Construir | Farm |
Build order — DugTheDog
Primeras 150 de 230 acciones detectadas
| 0:06 | Crear | Villager (Male) ×5 |
| 0:20 | Crear | Villager (Male) |
| 0:33 | Construir | Mill |
| 0:48 | Crear | Villager (Male) |
| 0:48 | Crear | Villager (Male) |
| 0:48 | Crear | Villager (Male) |
| 1:03 | Construir | Lumber Camp |
| 1:18 | Crear | Villager (Male) |
| 1:18 | Crear | Villager (Male) |
| 1:19 | Crear | Villager (Male) |
| 1:19 | Crear | Villager (Male) |
| 1:19 | Crear | Villager (Male) |
| 1:39 | Investigar | Feudal Age |
| 1:51 | Crear | Villager (Male) |
| 2:24 | Crear | Villager (Male) |
| 2:37 | Edad | Edad Feudal |
| 2:45 | Construir | Market |
| 2:49 | Construir | Blacksmith |
| 3:02 | Crear | Villager (Male) |
| 3:13 | Investigar | Castle Age |
| 3:19 | Construir | Lumber Camp |
| 3:21 | Investigar | Double-Bit Axe |
| 3:24 | Investigar | Tech 1687 |
| 3:24 | Investigar | Tech 1688 |
| 3:56 | Investigar | Tech 1625 |
| 4:11 | Investigar | Tech 1624 |
| 4:11 | Investigar | Horse Collar |
| 4:25 | Crear | Villager (Male) |
| 4:26 | Crear | Villager (Male) |
| 4:31 | Edad | Edad de los Castillos |
| 4:35 | Construir | Town Center |
| 4:41 | Construir | Town Center |
| 4:45 | Investigar | Bow Saw |
| 4:45 | Investigar | Bow Saw |
| 4:50 | Crear | Villager (Male) |
| 5:06 | Construir | Town Center |
| 5:09 | Crear | Villager (Male) |
| 5:11 | Investigar | Tech 1691 |
| 5:12 | Investigar | Tech 1692 |
| 5:20 | Investigar | Wheelbarrow |
| 5:21 | Crear | Villager (Male) |
| 5:22 | Crear | Villager (Male) |
| 5:25 | Construir | Town Center |
| 5:28 | Crear | Villager (Male) |
| 5:30 | Investigar | Tech 1699 |
| 5:31 | Crear | Villager (Male) |
| 5:31 | Crear | Villager (Male) |
| 5:32 | Investigar | Tech 1700 |
| 5:32 | Investigar | Tech 1700 |
| 5:36 | Investigar | Tech 1623 |
| 5:36 | Investigar | Tech 1622 |
| 5:36 | Investigar | Tech 1622 |
| 5:36 | Investigar | Heavy Plow |
| 5:43 | Crear | Villager (Male) |
| 5:43 | Crear | Villager (Male) |
| 5:44 | Crear | Villager (Male) |
| 5:44 | Crear | Villager (Male) |
| 5:46 | Crear | Villager (Male) |
| 5:49 | Crear | Villager (Male) |
| 5:52 | Construir | Market |
| 6:03 | Investigar | Town Watch |
| 6:07 | Crear | Villager (Male) |
| 6:13 | Crear | Villager (Male) |
| 6:16 | Construir | Market |
| 6:18 | Investigar | Hand Cart |
| 6:19 | Investigar | Tech 1715 |
| 6:19 | Investigar | Tech 1716 |
| 6:19 | Investigar | Tech 1716 |
| 6:21 | Crear | Villager (Male) |
| 6:34 | Construir | Mining Camp |
| 6:41 | Crear | Villager (Male) |
| 6:41 | Crear | Villager (Male) |
| 6:47 | Construir | Monastery |
| 6:49 | Construir | University |
| 6:54 | Crear | Villager (Male) |
| 6:55 | Crear | Villager (Male) |
| 7:10 | Investigar | Imperial Age |
| 7:11 | Investigar | Imperial Age |
| 7:13 | Crear | Villager (Male) |
| 7:13 | Crear | Villager (Male) |
| 7:14 | Crear | Villager (Male) |
| 7:21 | Crear | Villager (Male) |
| 7:30 | Crear | Villager (Male) |
| 7:36 | Construir | Mining Camp |
| 7:37 | Construir | Mining Camp |
| 7:43 | Construir | Siege Workshop |
| 7:44 | Construir | Siege Workshop |
| 7:47 | Construir | Siege Workshop |
| 7:52 | Construir | Mining Camp |
| 7:55 | Construir | Mill |
| 7:57 | Construir | Barracks |
| 7:58 | Crear | Villager (Male) |
| 7:58 | Crear | Villager (Male) |
| 7:59 | Crear | Villager (Male) |
| 8:02 | Construir | Mining Camp |
| 8:03 | Investigar | Gold Mining |
| 8:04 | Investigar | Tech 1653 |
| 8:04 | Investigar | Tech 1654 |
| 8:07 | Investigar | Stone Mining |
| 8:08 | Investigar | Tech 1723 |
| 8:08 | Investigar | Tech 1723 |
| 8:08 | Investigar | Tech 1724 |
| 8:10 | Construir | Mining Camp |
| 8:15 | Crear | Villager (Male) |
| 8:17 | Construir | Stable |
| 8:19 | Construir | Stable |
| 8:19 | Construir | Stable |
| 8:21 | Construir | House |
| 8:22 | Construir | House |
| 8:22 | Construir | House |
| 8:22 | Construir | House |
| 8:23 | Construir | House |
| 8:23 | Construir | House |
| 8:26 | Crear | Villager (Male) |
| 8:27 | Crear | Villager (Male) |
| 8:28 | Construir | Stable |
| 8:29 | Construir | Stable |
| 8:30 | Construir | Stable |
| 8:31 | Construir | Stable |
| 8:31 | Construir | Stable |
| 8:32 | Construir | Stable |
| 8:33 | Crear | Villager (Male) |
| 8:36 | Construir | Mining Camp |
| 8:40 | Investigar | Gold Shaft Mining |
| 8:40 | Investigar | Gold Shaft Mining |
| 8:41 | Investigar | Tech 1677 |
| 8:42 | Investigar | Stone Shaft Mining |
| 8:42 | Investigar | Stone Shaft Mining |
| 8:42 | Investigar | Tech 1727 |
| 8:42 | Investigar | Tech 1727 |
| 8:43 | Investigar | Tech 1728 |
| 8:44 | Investigar | Tech 1678 |
| 8:45 | Edad | Edad Imperial |
| 8:46 | Crear | Villager (Male) |
| 8:46 | Crear | Villager (Male) |
| 8:47 | Crear | Villager (Male) |
| 8:50 | Investigar | Town Patrol |
| 8:51 | Investigar | Loom |
| 9:00 | Construir | Lumber Camp |
| 9:04 | Investigar | Bloodlines |
| 9:04 | Investigar | Husbandry |
| 9:05 | Investigar | Tech 1634 |
| 9:06 | Investigar | Tech 1749 |
| 9:06 | Investigar | Tech 1635 |
| 9:06 | Investigar | Tech 1750 |
| 9:12 | Construir | Mining Camp |
| 9:18 | Investigar | Heavy Camel Rider (upgrade) |
| 9:32 | Construir | Stable |
| 9:33 | Construir | Stable |
| 9:37 | Crear | Villager (Male) |
Build order — 紫蝶黄蜂俱有情
Primeras 150 de 476 acciones detectadas
| 0:05 | Crear | Villager (Male) |
| 0:05 | Crear | Villager (Male) |
| 0:06 | Crear | Villager (Male) |
| 0:06 | Crear | Villager (Male) |
| 0:11 | Construir | Mill |
| 0:43 | Construir | Farm |
| 1:04 | Construir | Lumber Camp |
| 1:28 | Investigar | Feudal Age |
| 1:32 | Construir | Mill |
| 2:02 | Construir | Mining Camp |
| 2:36 | Edad | Edad Feudal |
| 2:42 | Construir | Market |
| 2:43 | Construir | Blacksmith |
| 2:48 | Investigar | Tech 1625 |
| 2:48 | Investigar | Tech 1625 |
| 2:48 | Investigar | Tech 1624 |
| 2:48 | Investigar | Tech 1624 |
| 2:49 | Investigar | Horse Collar |
| 2:52 | Crear | Villager (Male) |
| 3:00 | Investigar | Castle Age |
| 3:00 | Investigar | Castle Age |
| 3:11 | Investigar | Double-Bit Axe |
| 3:11 | Investigar | Tech 1687 |
| 3:12 | Investigar | Tech 1687 |
| 3:12 | Investigar | Tech 1688 |
| 3:12 | Investigar | Tech 1688 |
| 3:51 | Investigar | Forging |
| 3:51 | Investigar | Scale Barding Armor |
| 3:51 | Investigar | Tech 1661 |
| 3:51 | Investigar | Tech 1871 |
| 3:52 | Investigar | Tech 1662 |
| 3:52 | Investigar | Tech 1872 |
| 4:04 | Edad | Edad de los Castillos |
| 4:06 | Construir | Town Center |
| 4:09 | Construir | Town Center |
| 4:12 | Construir | Town Center |
| 4:16 | Construir | Town Center |
| 4:20 | Crear | Villager (Male) |
| 4:21 | Crear | Villager (Male) |
| 4:24 | Crear | Villager (Male) |
| 4:24 | Crear | Villager (Male) |
| 4:25 | Crear | Villager (Male) |
| 4:28 | Construir | Castle |
| 4:31 | Crear | Villager (Male) |
| 4:31 | Crear | Villager (Male) |
| 4:31 | Crear | Villager (Male) |
| 4:32 | Crear | Villager (Male) |
| 4:36 | Investigar | Bow Saw |
| 4:38 | Investigar | Tech 1691 |
| 4:39 | Investigar | Tech 1692 |
| 4:41 | Crear | Villager (Male) |
| 4:49 | Crear | Villager (Male) |
| 4:49 | Crear | Villager (Male) |
| 4:49 | Crear | Villager (Male) |
| 4:53 | Crear | Villager (Male) |
| 4:53 | Crear | Villager (Male) |
| 4:53 | Crear | Villager (Male) |
| 4:56 | Crear | Villager (Male) |
| 4:59 | Construir | Town Center |
| 5:30 | Crear | Villager (Male) |
| 5:30 | Crear | Villager (Male) |
| 5:31 | Crear | Villager (Male) |
| 5:32 | Crear | Villager (Male) |
| 5:38 | Crear | Villager (Male) |
| 5:39 | Crear | Villager (Male) |
| 5:39 | Crear | Villager (Male) |
| 5:39 | Crear | Villager (Male) |
| 5:40 | Crear | Villager (Male) |
| 5:41 | Construir | Town Center |
| 5:46 | Construir | Market |
| 5:54 | Investigar | Imperial Age |
| 5:59 | Crear | Villager (Male) ×5 |
| 6:00 | Crear | Villager (Male) ×5 |
| 6:00 | Crear | Villager (Male) |
| 6:00 | Crear | Villager (Male) |
| 6:07 | Construir | Town Center |
| 6:12 | Construir | Barracks |
| 6:32 | Construir | Lumber Camp |
| 6:36 | Construir | Lumber Camp |
| 6:39 | Construir | Lumber Camp |
| 6:40 | Construir | Lumber Camp |
| 6:44 | Construir | Lumber Camp |
| 6:47 | Construir | Mining Camp |
| 6:50 | Construir | Mining Camp |
| 6:54 | Construir | Mining Camp |
| 6:58 | Construir | Mining Camp |
| 7:01 | Construir | Lumber Camp |
| 7:04 | Investigar | Gold Mining |
| 7:05 | Investigar | Stone Mining |
| 7:05 | Investigar | Tech 1653 |
| 7:05 | Investigar | Tech 1723 |
| 7:07 | Construir | Stable |
| 7:10 | Edad | Edad Imperial |
| 7:11 | Investigar | Bearded Axe |
| 7:15 | Investigar | Chivalry |
| 7:15 | Investigar | Chivalry |
| 7:22 | Investigar | Gold Shaft Mining |
| 7:23 | Investigar | Tech 1654 |
| 7:30 | Investigar | Husbandry |
| 7:31 | Investigar | Tech 1634 |
| 7:32 | Investigar | Tech 1749 |
| 7:32 | Investigar | Tech 1635 |
| 7:33 | Investigar | Tech 1750 |
| 7:38 | Construir | Stable |
| 7:38 | Construir | Stable |
| 7:38 | Construir | Stable |
| 7:39 | Construir | Stable |
| 7:40 | Construir | Stable |
| 7:44 | Construir | Lumber Camp |
| 7:47 | Construir | Mining Camp |
| 7:56 | Construir | Stable |
| 7:56 | Construir | Stable |
| 7:56 | Construir | Stable |
| 7:57 | Construir | Stable |
| 8:01 | Investigar | Tech 1786 |
| 8:03 | Investigar | Tech 1787 |
| 8:18 | Crear | Scout Cavalry ×5 |
| 8:18 | Crear | Scout Cavalry ×5 |
| 8:18 | Crear | Scout Cavalry ×5 |
| 8:23 | Construir | Mill |
| 8:27 | Crear | Scout Cavalry ×5 |
| 8:27 | Crear | Scout Cavalry ×5 |
| 8:32 | Investigar | Loom |
| 8:33 | Investigar | Tech 1628 |
| 8:33 | Investigar | Tech 1628 |
| 8:33 | Investigar | Tech 1629 |
| 8:35 | Investigar | Town Watch |
| 8:35 | Investigar | Town Watch |
| 8:35 | Investigar | Tech 1612 |
| 8:35 | Investigar | Tech 1613 |
| 8:36 | Investigar | Tech 1613 |
| 8:42 | Investigar | Coinage |
| 8:48 | Construir | Farm |
| 8:49 | Construir | Farm |
| 8:50 | Construir | Farm |
| 8:52 | Construir | Farm |
| 8:53 | Construir | Farm |
| 8:56 | Construir | Farm |
| 8:57 | Construir | Farm |
| 9:07 | Crear | Scout Cavalry ×5 |
| 9:08 | Crear | Scout Cavalry ×3 |
| 9:16 | Investigar | Banking |
| 9:42 | Construir | Lumber Camp |
| 9:43 | Construir | Lumber Camp |
| 9:46 | Investigar | Chain Barding Armor |
| 9:47 | Investigar | Iron Casting |
| 9:47 | Investigar | Tech 1673 |
| 9:47 | Investigar | Tech 1869 |
| 9:47 | Investigar | Tech 1674 |
| 9:47 | Investigar | Tech 1870 |
Build order — xiayizhi
Primeras 150 de 631 acciones detectadas
| 0:04 | Crear | Villager (Male) |
| 0:04 | Crear | Villager (Male) |
| 0:05 | Crear | Villager (Male) |
| 0:10 | Construir | House |
| 0:11 | Construir | House |
| 0:23 | Crear | Villager (Male) |
| 0:23 | Crear | Villager (Male) |
| 0:24 | Crear | Villager (Male) |
| 0:24 | Crear | Villager (Male) |
| 0:32 | Construir | Lumber Camp |
| 0:42 | Construir | Mill |
| 0:43 | Crear | Villager (Male) |
| 0:44 | Crear | Villager (Male) |
| 0:44 | Crear | Villager (Male) |
| 0:44 | Crear | Villager (Male) |
| 1:03 | Crear | Villager (Male) |
| 1:03 | Crear | Villager (Male) |
| 1:33 | Crear | Villager (Male) |
| 1:49 | Investigar | Feudal Age |
| 1:53 | Crear | Villager (Male) |
| 1:53 | Crear | Villager (Male) |
| 2:11 | Crear | Villager (Male) |
| 2:16 | Construir | Farm |
| 2:23 | Construir | Farm |
| 2:30 | Construir | House |
| 2:31 | Construir | House |
| 2:40 | Construir | House |
| 2:41 | Construir | House |
| 2:42 | Construir | House |
| 2:43 | Construir | House |
| 2:44 | Construir | House |
| 2:45 | Construir | House |
| 3:00 | Edad | Edad Feudal |
| 3:04 | Construir | Mining Camp |
| 3:11 | Construir | Mining Camp |
| 3:14 | Crear | Villager (Male) |
| 3:38 | Investigar | Double-Bit Axe |
| 3:41 | Investigar | Gold Mining |
| 3:42 | Investigar | Stone Mining |
| 3:46 | Investigar | Tech 1625 |
| 3:54 | Construir | Lumber Camp |
| 4:03 | Crear | Villager (Male) |
| 4:16 | Construir | Blacksmith |
| 4:33 | Construir | Market |
| 4:42 | Construir | Market |
| 4:44 | Construir | Market |
| 4:49 | Construir | Market |
| 5:01 | Crear | Villager (Male) |
| 5:01 | Crear | Villager (Male) |
| 5:02 | Crear | Villager (Male) |
| 5:02 | Crear | Villager (Male) |
| 5:08 | Investigar | Castle Age |
| 5:10 | Investigar | Wheelbarrow |
| 5:16 | Investigar | Castle Age |
| 5:19 | Investigar | Wheelbarrow |
| 5:20 | Crear | Villager (Male) |
| 5:21 | Crear | Villager (Male) |
| 5:38 | Construir | Barracks |
| 5:46 | Crear | Villager (Male) |
| 5:47 | Crear | Villager (Male) |
| 6:04 | Construir | House |
| 6:05 | Construir | House |
| 6:10 | Construir | House |
| 6:11 | Construir | House |
| 6:11 | Construir | House |
| 6:12 | Construir | House |
| 6:14 | Construir | House |
| 6:14 | Construir | House |
| 6:15 | Construir | House |
| 6:16 | Construir | House |
| 6:18 | Construir | House |
| 6:18 | Construir | House |
| 6:20 | Construir | House |
| 6:21 | Construir | House |
| 6:22 | Construir | House |
| 6:23 | Construir | House |
| 6:24 | Construir | House |
| 6:25 | Construir | House |
| 6:26 | Construir | House |
| 6:27 | Construir | House |
| 6:28 | Construir | House |
| 6:33 | Edad | Edad de los Castillos |
| 6:43 | Construir | Lumber Camp |
| 6:52 | Construir | Town Center |
| 6:59 | Construir | Town Center |
| 7:02 | Crear | Villager (Male) |
| 7:03 | Crear | Villager (Male) |
| 7:09 | Investigar | Caravan |
| 7:10 | Investigar | Coinage |
| 7:14 | Crear | Villager (Male) |
| 7:14 | Crear | Villager (Male) |
| 7:22 | Investigar | Forging |
| 7:25 | Investigar | Scale Mail Armor |
| 7:25 | Investigar | Scale Barding Armor |
| 7:26 | Investigar | Fletching |
| 7:27 | Investigar | Padded Archer Armor |
| 7:36 | Construir | University |
| 7:48 | Construir | Town Center |
| 7:55 | Construir | Town Center |
| 8:03 | Crear | Villager (Male) |
| 8:03 | Crear | Villager (Male) |
| 8:03 | Crear | Villager (Male) |
| 8:04 | Crear | Villager (Male) |
| 8:04 | Crear | Villager (Male) |
| 8:10 | Construir | Lumber Camp |
| 8:22 | Construir | Town Center |
| 8:23 | Crear | Villager (Male) |
| 8:23 | Crear | Villager (Male) |
| 8:24 | Crear | Villager (Male) |
| 8:24 | Crear | Villager (Male) |
| 8:24 | Crear | Villager (Male) |
| 8:25 | Crear | Villager (Male) |
| 8:25 | Crear | Villager (Male) |
| 8:25 | Crear | Villager (Male) |
| 8:26 | Crear | Villager (Male) |
| 8:27 | Investigar | Hand Cart |
| 8:30 | Investigar | Iron Casting |
| 8:30 | Investigar | Chain Mail Armor |
| 8:31 | Investigar | Chain Barding Armor |
| 8:31 | Investigar | Tech 1695 |
| 8:32 | Investigar | Bodkin Arrow |
| 8:34 | Crear | Villager (Male) |
| 8:34 | Crear | Villager (Male) |
| 8:35 | Crear | Villager (Male) |
| 8:35 | Crear | Villager (Male) |
| 8:35 | Crear | Villager (Male) |
| 8:36 | Crear | Villager (Male) |
| 8:36 | Crear | Villager (Male) |
| 8:39 | Construir | Farm |
| 8:43 | Crear | Villager (Male) |
| 8:44 | Crear | Villager (Male) |
| 8:44 | Crear | Villager (Male) |
| 8:44 | Crear | Villager (Male) |
| 8:44 | Crear | Villager (Male) |
| 8:45 | Crear | Villager (Male) |
| 8:50 | Crear | Villager (Male) |
| 8:50 | Crear | Villager (Male) |
| 8:50 | Crear | Villager (Male) |
| 8:51 | Crear | Villager (Male) |
| 8:51 | Crear | Villager (Male) |
| 9:02 | Construir | Town Center |
| 9:31 | Construir | Stone Wall |
| 9:35 | Construir | Building 487 |
| 9:40 | Crear | Villager (Male) |
| 9:40 | Crear | Villager (Male) |
| 9:40 | Crear | Villager (Male) |
| 9:40 | Crear | Villager (Male) |
| 9:41 | Crear | Villager (Male) |
| 9:41 | Crear | Villager (Male) |
| 9:41 | Crear | Villager (Male) |
Cronología de la partida
| 1:25 | diego_402 · age_up feudal |
| 1:43 | ^gOsO^ · age_up feudal |
| 2:03 | elturritomilei · age_up feudal |
| 2:08 | ^gOsO^ · first_market_buy 100 wood |
| 2:21 | ^gOsO^ · first_market_sell 100 food |
| 2:36 | 紫蝶黄蜂俱有情 · age_up feudal |
| 2:37 | DugTheDog · age_up feudal |
| 2:39 | 水藍武神 · age_up feudal |
| 2:51 | ^gOsO^ · first_building Barracks |
| 3:00 | xiayizhi · age_up feudal |
| 3:20 | ^gOsO^ · first_building Stable |
| 3:29 | ^gOsO^ · age_up castle |
| 3:31 | KISMAT · age_up feudal |
| 3:41 | elturritomilei · age_up castle |
| 3:52 | KISMAT · first_building Barracks |
| 3:54 | ^gOsO^ · first_building Monastery |
| 4:00 | diego_402 · age_up castle |
| 4:04 | 紫蝶黄蜂俱有情 · age_up castle |
| 4:08 | 水藍武神 · age_up castle |
| 4:13 | ^gOsO^ · first_building Siege Workshop |
| 4:19 | elturritomilei · first_building Monastery |
| 4:28 | 紫蝶黄蜂俱有情 · first_building Castle |
| 4:31 | DugTheDog · age_up castle |
| 5:19 | KISMAT · first_building Archery Range |
| 5:22 | ^gOsO^ · first_building Castle |
| 5:38 | xiayizhi · first_building Barracks |
| 5:43 | 水藍武神 · first_building Castle |
| 5:51 | 紫蝶黄蜂俱有情 · first_market_sell 500 wood |
| 6:12 | 紫蝶黄蜂俱有情 · first_building Barracks |
| 6:14 | ^gOsO^ · first_building Archery Range |
| 6:23 | ^gOsO^ · age_up imperial |
| 6:27 | DugTheDog · first_market_sell 500 food |
| 6:33 | xiayizhi · age_up castle |
| 6:39 | KISMAT · age_up castle |
| 6:47 | DugTheDog · first_building Monastery |
| 7:07 | 紫蝶黄蜂俱有情 · first_building Stable |
| 7:10 | 紫蝶黄蜂俱有情 · age_up imperial |
| 7:43 | DugTheDog · first_building Siege Workshop |
| 7:49 | diego_402 · first_building Barracks |
| 7:57 | 水藍武神 · first_building Barracks |
| 7:57 | DugTheDog · first_building Barracks |
| 7:59 | 水藍武神 · first_building Siege Workshop |
| 8:03 | diego_402 · first_building Siege Workshop |
| 8:13 | diego_402 · first_building Archery Range |
| 8:17 | diego_402 · first_building Stable |
| 8:17 | DugTheDog · first_building Stable |
| 8:20 | 水藍武神 · age_up imperial |
| 8:27 | KISMAT · first_market_sell 100 wood |
| 8:32 | diego_402 · first_building Monastery |
| 8:40 | KISMAT · first_building Monastery |
| 8:45 | DugTheDog · age_up imperial |
| 9:14 | 紫蝶黄蜂俱有情 · first_market_buy 100 food |
| 9:16 | elturritomilei · age_up imperial |
| 9:27 | 紫蝶黄蜂俱有情 · tribute_sent a jugador 1 |
| 9:27 | 紫蝶黄蜂俱有情 · tribute_sent a jugador 2 |
| 9:27 | 紫蝶黄蜂俱有情 · tribute_sent a jugador 3 |
| 9:27 | 紫蝶黄蜂俱有情 · tribute_sent a jugador 4 |
| 9:27 | 紫蝶黄蜂俱有情 · tribute_sent a jugador 5 |
| 9:27 | 紫蝶黄蜂俱有情 · tribute_sent a jugador 6 |
| 9:27 | 紫蝶黄蜂俱有情 · tribute_sent a jugador 8 |
| 9:27 | elturritomilei · first_building Barracks |
| 9:31 | xiayizhi · wall_segment Stone Wall x44 |
| 9:50 | DugTheDog · wall_segment Stone Wall x1 |
| 9:51 | DugTheDog · first_building Castle |
| 9:56 | elturritomilei · first_building Stable |
| 10:05 | xiayizhi · wall_segment Stone Wall x20 |
| 10:10 | elturritomilei · first_building Archery Range |
| 10:10 | 紫蝶黄蜂俱有情 · first_building Siege Workshop |
| 10:13 | KISMAT · age_up imperial |
| 10:17 | xiayizhi · first_building Stable |
| 10:18 | elturritomilei · first_building Castle |
| 10:31 | diego_402 · first_building Castle |
| 10:36 | xiayizhi · first_building Castle |
| 11:11 | DugTheDog · resign |
| 11:12 | diego_402 · age_up imperial |
| 13:08 | 水藍武神 · first_building Stable |
| 13:09 | xiayizhi · first_building Archery Range |
| 13:33 | xiayizhi · first_building Siege Workshop |
| 14:25 | 水藍武神 · first_market_sell 500 food |
| 15:39 | xiayizhi · age_up imperial |
| 15:46 | KISMAT · first_market_buy 100 stone |
| 16:03 | xiayizhi · wall_segment Stone Wall x12 |
[ ANÁLISIS IA · 1 CRÉDITO ]
¿Qué pasó realmente en esta partida?
Wolo.gg analiza cada decisión: build order, eco, micro, errores típicos por bracket. Análisis personalizado por WhatsApp o Discord en 30 segundos.
Guía civ
Wei
Perfil
Jugador #11293293